Map: Ruines d’Endion

Players

zidar

  • Race: Zerg Zerg
  • League: Gold
  • Spawn Location: 5:00

KevDeL - Winner!

  • Race: Zerg Zerg
  • League: Gold
  • Spawn Location: 7:00

VOD

Have the link to the VOD?

Description

Time

  • Played on: May 14, 2016, 9 a.m.
  • Length: 2:40
Show
View Real Time Build Order
Export as new Build Order

zidar Zerg 

Build Orders: Pool First 

Get SALT Encoding   

  12  0:19  Spawning Pool  
  11  0:28  Drone  
  11  0:32  Overlord  
  12  0:37  Drone  
  12  0:41  Drone  
  14  1:06  Queen, Zergling x2  
  14  1:08  Zergling x2  
  18  1:14  Zergling x2  
  19  1:23  Zergling x2  
  20  1:40  Zergling x2  
  21  1:56  Hatchery  
  21  1:58  Zergling x2  
  21  1:59  Zergling x2  
Show
View Real Time Build Order
Export as new Build Order

KevDeL Zerg - Winner!

Build Orders: Pool First 

Get SALT Encoding   

  12  0:01  Drone  
  13  0:14  Overlord  
  13  0:17  Drone  
  14  0:21  Extractor  
  14  0:24  Drone  
  15  0:33  Drone  
  16  0:36  Drone  
  17  0:48  Spawning Pool  
  16  0:51  Extractor  
  16  0:52  Drone  
  16  0:58  Drone  
  17  1:09  Drone  
  18  1:20  Overlord  
  18  1:33  Hatchery  
  18  1:37  Zergling x2  
  18  1:42  Zergling x2  
  19  1:52  Zergling x2  
  20  2:01  Queen  
  20  2:04  Zergling x2  
Tags
 
Add a new tag
Caveats
  • Supply blocks, unpowered buildings, or Contaminate may cause inaccurate times.
  • Supply counts are checked every 10 seconds.